 Dungeon Crawl Stone Soup version 0.28-a0-533-g9f97627e2a (webtiles) character file.

Game seed: 13427093790495236055

33 Conn the Firebug (level 3, -7/21 HPs)
             Began as an Octopode Fire Elementalist on Sept 26, 2021.
             Mangled by a gnoll (15 damage)
             ... on level 2 of the Dungeon.
             The game lasted 00:03:03 (1398 turns).

Conn the Firebug (Octopode Fire Elementalist)       Turns: 1398, Time: 00:03:03

Health: -7/21      AC:  1    Str:  7    XL:     3   Next: 29%
Magic:  6/6        EV: 13    Int: 18    God:
Gold:   42         SH:  0    Dex: 12    Spells: 6/7 levels left

rFire   + . .      SeeInvis .   d - +3 dagger
rCold   . . .      Faith    .   (no shield)
rNeg    . . .      Spirit   .   (helmet restricted)
rPois   .          Reflect  .   (no amulet)
rElec   .          Harm     .   a - ring of protection from fire
rCorr   .          Rampage  .   (no ring)
Will    .....                   (no ring)
Stlth   +++.......              (no ring)
HPRegen 0.07/turn               (no ring)
MPRegen 0.10/turn               (no ring)
                                (no ring)
                                (no ring)

@: no status effects
A: almost no armour, amphibious, 8 rings, camouflage 1, gelatinous body 1,
(nimble swimmer 1), tentacles
a: no special abilities


You were on level 2 of the Dungeon.
You visited 1 branch of the dungeon, and saw 2 of its levels.

You collected 42 gold pieces.

Inventory:

Hand Weapons
 c - a +0 dagger
 d - a +3 dagger (weapon)
Jewellery
 a - a ring of protection from fire (left tentacle)
Scrolls
 b - a scroll of enchant armour {unknown}


   Skills:
 + Level 2.3 Dodging
 + Level 2.8 Stealth
 + Level 2.5 Spellcasting
 + Level 1.2 Conjurations
 + Level 3.4 Fire Magic


You had 6 spell levels left.
You knew the following spells:

 Your Spells              Type           Power      Damage    Failure   Level
a - Foxfire               Conj/Fire      40%        2x1d6     7%          1

Your spell library contained the following spells:

 Spells                   Type           Power      Damage    Failure   Level
 Scorch                   Fire           28%        2d6       6%          2
 Conjure Flame            Conj/Fire      10%        6-21      21%         3
 Inner Flame              Hex/Fire       8%         N/A       26%         3
 Flame Wave               Conj/Fire      10%        3d4       54%         4


Dungeon Overview and Level Annotations

Branches:
Dungeon (2/15)

Altars:


Innate Abilities, Weirdness & Mutations

You cannot wear most types of armour.
You are amphibious.
You can wear up to eight rings at the same time.
Your skin changes colour to match your surroundings (Stealth+).
Your rubbery body absorbs attacks. (AC +1, EV +1)
((You are camouflaged near water. (Stealth+)))
You have tentacles for arms and can constrict up to eight enemies at once.


Message History

2 gnolls come into view.
Found a stone staircase leading up.
A gnoll comes into view. It is wielding a +0 whip.
Found 2 smoky purple potions.
The gnoll shouts! x2; You hear a shout! x2
There is a stone staircase leading up here.
The gnoll shouts!
You climb upwards.
There is a stone staircase leading down here.
The gnoll barely misses you. The gnoll hits you with a +0 flail.
There is an open door here.
There is an escape hatch in the floor here.
There is an open door here.
Casting: Foxfire (safe; 7% risk of failure)
Confirm with . or Enter, or press ? or * to list all spells.
You conjure some foxfire!
The gnoll misses you.
Unknown command.
Casting: Foxfire (safe; 7% risk of failure)
Confirm with . or Enter, or press ? or * to list all spells.
You conjure some foxfire!
The foxfire hits the gnoll.
The gnoll is lightly wounded.
The foxfire hits the gnoll but does no damage.
The gnoll is lightly wounded.
The gnoll hits you with a +0 flail!
Ouch! That really hurt!
* * * LOW HITPOINT WARNING * * *
The foxfire hits the gnoll.
The gnoll is moderately wounded.
The foxfire hits the gnoll.
The gnoll is heavily wounded.
Unknown command.
There is an open door here.
There is an escape hatch in the floor here.
You slide downwards.
The hatch slams shut behind you.
Found 19 stones.
An adder comes into view.
The gnoll hits you from afar with a +0 halberd!
Ouch! That really hurt!
You die...

## ##.# #... #### . .#.#
#... ...
##S.#.###.(#######.
.................< #.###
##.#.# #...####.#.
#.....#..g.# #...#..!.#.
.......@##.###......#.#.
.#'#......g.............
##.###..g..........#. #.
##.############. # #...
.. ###.# .# . .#


You could see 3 gnolls.

Vanquished Creatures
  A dart slug (D:1)
  3 bats (D:1)
  4 endoplasms (D:1)
  3 giant cockroaches (D:1)
  2 goblins
  2 hobgoblins (D:1)
  A quokka (D:1)
  5 ball pythons
  A frilled lizard (D:1)
  4 kobolds
  2 rats (D:1)
28 creatures vanquished.

Vanquished Creatures (others)
  65 foxfires
  2 plants (D:2)
67 creatures vanquished.

Grand Total: 95 creatures vanquished

Notes
Turn   | Place    | Note
-------+----------+-------------------------------------------
     0 | D:1      | Conn the Octopode Fire Elementalist began the quest for the
                  | Orb.
     0 | D:1      | Reached XP level 1. HP: 11/11 MP: 3/3
   314 | D:1      | Reached XP level 2. HP: 16/17 MP: 0/5
   700 | D:1      | Reached XP level 3. HP: 21/21 MP: 4/6
  1398 | D:2      | Mangled by a gnoll

Illustrated notes

Levels and vault maps discovered:
D:1:      dpeg_arrival_connections, layout_basic
D:2:      cheibrodos_greedy_goblins, layout_basic, basic_altar, minivault_19,
          grunt_decor_one_mirror, serial_bayou_lagoon_a

Action                   || total
-------------------------++-------
Melee: Unarmed           ||     6
       Tentacles         ||     4
       Constrict         ||     4
       Dagger            ||    12
 Cast: Foxfire           ||    38
 Stab: Sleeping          ||     1
Armor: Skin              ||     2
Dodge: Dodged            ||    22

Table legend: (Time is in decaauts)
 A = Elapsed time spent in this place.
 B = Non-inter-level travel time spent in this place.
 C = Inter-level travel time spent in this place.
 D = Time resting spent in this place.
 E = Time spent auto-exploring this place.
 F = Levels seen in this place.
 G = Mean time per level.
                   A        B        C        D        E       F      G
               +--------+--------+--------+--------+--------+-----+--------+
         Total |   1397 |   1381 |     16 |    102 |    913 |   2 |  698.5 |
       Dungeon |   1397 |   1381 |     16 |    102 |    913 |   2 |  698.5 |
               +--------+--------+--------+--------+--------+-----+--------+

Top non-repeatable levels by time:
     D:1: 1128 daAuts
     D:2: 268 daAuts
